 Dungeon Crawl Stone Soup version 0.29.1-12-g30fa7ad0bf (webtiles) character file.

Game seed: 9062432023872765849

7 wormed the Shooter (level 1, -1/17 HPs)
             Began as a Demigod Hunter on Dec 24, 2022.
             Slain by a hobgoblin (2 damage)
             ... on level 1 of the Dungeon.
             The game lasted 00:01:08 (145 turns).

wormed the Shooter (Demigod Hunter)                  Turns: 145, Time: 00:01:08

Health: -1/17      AC:  3    Str: 12    XL:     1   Next: 66%
Magic:  3/3        EV: 12    Int: 11    God:
Gold:   47         SH:  0    Dex: 17    Spells: 0/0 levels left

rFire   + . .      SeeInvis .   a - +0 shortbow
rCold   . . .      Faith    .   (shield currently unavailable)
rNeg    . . .      Spirit   .   c - +0 leather armour
rPois   .          Reflect  .   (no helmet)
rElec   .          Harm     .   (no cloak)
rCorr   .          Rampage  .   (no gloves)
Will    +....                   (no boots)
Stlth   ++........              (no amulet)
HPRegen 0.05/turn               (no ring)
MPRegen 0.08/turn               (no ring)

@: no status effects
A: high MP 1, forlorn, divine attributes, hooves 1, fire resistance 1,
strong-willed 1, wild magic 1
a: no special abilities


You were on level 1 of the Dungeon.
You visited 1 branch of the dungeon, and saw 1 of its levels.

You collected 47 gold pieces.

Inventory:

Hand Weapons
 a - a +0 shortbow (weapon)
Armour
 c - a +0 leather armour (worn)
Scrolls
 b - a scroll of immolation


   Skills:
 + Level 2.0 Fighting
 + Level 3.7 Ranged Weapons
 + Level 0.3 Armour
 + Level 1.9 Dodging
 - Level 1.0 Stealth


You couldn't memorise any spells.
You didn't know any spells.
Your spell library was empty.

Dungeon Overview and Level Annotations

Branches:
Dungeon (1/15)

Shops:
D:1 (


Innate Abilities, Weirdness & Mutations

You have an increased reservoir of magic. (+10% MP)
You shall have no god before yourself.
Your divine heritage dramatically boosts your attributes as you level up.
You have large cloven feet.
Your flesh is heat resistant. (rF+)
You are strong-willed. (Will+)
Your spells are a little harder to cast, but a little more powerful.


Message History

Aim: a ball python (constricting you, 57% to hit)
You shoot an arrow.
The arrow barely misses the ball python.
The arrow hits the hobgoblin.
The hobgoblin is severely wounded.
The ball python closely misses you. The ball python constricts you.
The ball python bites you. The ball python constricts you.
Fire: a) +0 shortbow
Press: ? - help, Q - select action Shift-Dir - straight line, f/p - ball python
Aim: a ball python (constricting you, 57% to hit)
You shoot an arrow.
The arrow closely misses the ball python.
The arrow closely misses the hobgoblin.
The ball python bites you. The ball python constricts you.
* * * LOW HITPOINT WARNING * * *
The ball python bites you but does no damage.
The ball python constricts you.
* * * LOW HITPOINT WARNING * * *
Fire: a) +0 shortbow
Press: ? - help, Q - select action Shift-Dir - straight line, f/p - ball python
Aim: a ball python (constricting you, 57% to hit)
You shoot an arrow. The arrow hits the ball python.
You kill the ball python!
Your Fighting skill increases to level 2!
Fire: a) +0 shortbow
Press: ? - help, Q - select action Shift-Dir - straight line, f - hobgoblin
Aim: a hobgoblin (severely wounded, 62% to hit)
You shoot an arrow. The arrow barely misses the hobgoblin.
The hobgoblin hits you.
* * * LOW HITPOINT WARNING * * *
Fire: a) +0 shortbow
Press: ? - help, Q - select action Shift-Dir - straight line, f/p - hobgoblin
Aim: a hobgoblin (severely wounded, 62% to hit)
You shoot an arrow. The arrow closely misses the hobgoblin.
The hobgoblin barely misses you. The hobgoblin completely misses you.
It was a potion of mutation.
You feel extremely strange.
You feel strong-willed.
You feel less in control of your magic.
You feel resistant to heat.
Your feet thicken and deform.
The hobgoblin hits you.
You die...

#......................###
...#####....P.....P.......
..# #......P.P.........
....##..P.......♣.♣.....
#.......♣.....♣♣......
.....#.....♣......P.....
#######.#.P.....P.......
#.##..#.##........
#@###...###.......
#g#####.###....... #..#
#...######.. ##.## ###.##
#. #..# #..### >
##...####...# #
..#.....##.## #
g......#.....####
..#...#..........#


You could see a hobgoblin.

Vanquished Creatures
  A ball python (D:1)
  A giant cockroach (D:1)
  2 hobgoblins (D:1)
  A bat (D:1)
  A rat (D:1)
6 creatures vanquished.

Notes
Turn   | Place    | Note
-------+----------+-------------------------------------------
     0 | D:1      | wormed the Demigod Hunter began the quest for the Orb.
     0 | D:1      | Reached XP level 1. HP: 17/17 MP: 3/3
    83 | D:1      | Reached skill level 1 in Stealth
   127 | D:1      | Found Runn's Antique Weapon Shoppe.
   145 | D:1      | Gained mutation: You are strong-willed. (Will+) [potion of
                  | mutation]
   145 | D:1      | Gained mutation: Your spells are a little harder to cast,
                  | but a little more powerful. [potion of mutation]
   145 | D:1      | Gained mutation: Your flesh is heat resistant. (rF+)
                  | [potion of mutation]
   145 | D:1      | Gained mutation: You have large cloven feet. [potion of
                  | mutation]
   145 | D:1      | Slain by a hobgoblin

Illustrated notes

Levels and vault maps discovered:
D:1:      wander_arrival_fairy_ring, layout_rooms, serial_shops,
          nicolae_shop_advertising_works [nicolae_subvault_shop_adworks],
          shapermc_ecumenical_altar_mp_vishouse

Skill      XL: |  1 |
---------------+----+-----
Stealth        | 1 |  1.0
Fighting       | 2 |  2.0
Ranged Weapons | |  3.7
Armour         | |  0.3
Dodging        | |  1.9

Action                   || total
-------------------------++-------
 Fire: Shortbow          ||    17
  Use: Potion            ||     1
Armor: Leather armour    ||     4
Dodge: Dodged            ||    10
